AoeStats
← A V I C I I

Arabia

509039259Analyzed
1v1 RM · 8d ago on Sep 25, 2026· 28m 1s· 2 players
Game mode
Random Map
Map size
Tiny (2 player)
Population
200
Speed
Normal
Resources
Standard
Victory
Conquest
Starting age
Dark Age
Ending age
Imperial Age
RankedLock teamsTeams togetherTeam positionsShared explorationLock speedFull tech treeHidden civsTurbo modeCheats
Victory
Defeat
🇬🇹 Malay · Guatemala
1666
+14
🇨🇱 Danes · Chile
1625
-14
A V I C I I
4:19 Loom
ZealoT
7:04 Loom
11:15 Feudal Age
15:09 Castle Age
14:03 Gold Mining
21:26 Imperial Age
19:09 Gold Mining
22:36 Town Watch
22:38 Double-Bit Axe
22:34 Horse Collar
26:28 Spies/Treason
28:23 Wheelbarrow
Connection lost

Rejoining the realm…

Still unreachable

The connection could not be restored.

Session expired

The server has moved on; the page needs a fresh start.